 Dungeon Crawl Stone Soup version 0.31.0-32-g396128a36d (webtiles) character file.

Game seed: 2752758957148301923

39258 Satsuki666 the Warrior (level 13, -9/190 HPs)
             Began as a Minotaur Fighter on Apr 10, 2024.
             Was a High Priest of Trog.
             Mangled by a naga
             ... wielding a +0 hand axe
              (18 damage)
             ... on level 1 of the Snake Pit.
             The game lasted 02:21:09 (18396 turns).

Satsuki666 the Warrior (Minotaur Fighter)          Turns: 18396, Time: 02:21:10

Health: -9/190     AC: 30    Str: 24    XL:     13   Next: 68%
Magic:  10/10      EV: -1    Int:  6    God:    Trog [*****.]
Gold:   1155       SH:  0    Dex: 10    Spells: 12/12 levels left

rFire   + + .        W - +12 dire flail of Superiority {flame, Fly rF++ Int-3}
rCold   + . .        (shield currently unavailable)
rNeg    . . .        h - melded +2 plate armour {rPois}
rPois   .            (helmet unavailable)
rElec   .            z - melded +0 cloak
rCorr   .            L - melded +0 pair of gloves
SInv    .            Z - melded +0 pair of boots
Will    ++...        f - amulet of the acrobat
Stlth   +            o - ring of protection from cold
HPRegen 1.51/turn    U - +4 ring of protection
MPRegen 0.12/turn

%: acrobat
@: lethally poisoned (-9 -> -16), tree-form, strong-willed, poison vulnerable,
regenerating, constricted
A: stationary, stasis, torment immunity, boosted hp, (horns 3), (retaliatory
headbutt), clever 1, (cold resistance 1), low MP 1
a: Renounce Religion, Berserk, Trog's Hand, Brothers in Arms


You were on level 1 of the Snake Pit.
You worshipped Trog.
Trog was extremely pleased with you.
You were a tree.
You visited 5 branches of the dungeon, and saw 21 of its levels.
You also visited: Sewer and Bailey.

You collected 1710 gold pieces.
You spent 555 gold pieces at shops.

Inventory:

Hand Weapons
 x - the +8 hammer "Faqepli" {speed, Str+2}
   (You found it on level 3 of the Dungeon)

   Str+2:     It affects your strength (+2).
 W - the +12 dire flail of Superiority (weapon) {flame, Fly rF++ Int-3}
   (Trog gifted it to you on level 1 of the Orcish Mines)

   Int-3:     It affects your intelligence (-3).
   rF++:      It greatly protects you from fire.
   Fly:       It grants you flight.
Armour
 c - a +0 buckler
 h - a +2 plate armour of poison resistance (melded)
 z - a +0 cloak (melded)
 K - the +5 chain mail of Somewhere Else {Harm Will- Str+4}
   (You found it on level 7 of the Dungeon)

   Str+4:     It affects your strength (+4).
   Will-:     It decreases your willpower.
   Harm:      It increases damage dealt and taken.
 L - a +0 pair of gloves (melded)
 Z - a +0 pair of boots (melded)
Jewellery
 f - an amulet of the acrobat (around neck)
 o - a ring of protection from cold (left branch)
 U - a +4 ring of protection (right branch)
Talismans
 s - a beast talisman
Wands
 d - a wand of polymorph (4)
 w - a wand of flame (19)
 A - a wand of paralysis (6)
 E - a wand of roots (21)
 H - a wand of mindburst (20)
 Q - a wand of acid (4)
 X - a wand of digging (8)
Scrolls
 a - 2 scrolls of torment
 b - 2 scrolls of amnesia {unknown}
 e - 2 scrolls of fear {unknown}
 g - 4 scrolls of identify
 j - 4 scrolls of revelation
 m - 5 scrolls of enchant weapon
 p - 5 scrolls of teleportation {unknown}
 r - a scroll of poison {unknown}
 t - 4 scrolls of immolation
 G - 2 scrolls of vulnerability {unknown}
 R - 2 scrolls of brand weapon
 S - 7 scrolls of enchant armour
 T - 5 scrolls of summoning
 V - a scroll of silence {unknown}
Potions
 i - 3 potions of mutation
 k - 2 potions of resistance
 l - 2 potions of lignification
 n - 2 potions of degeneration
 u - a potion of magic {unknown}
 v - 2 potions of curing
 B - 4 potions of attraction
 C - a potion of invisibility {unknown}
 I - a potion of berserk rage {unknown}
 J - 3 potions of brilliance
 M - 3 potions of haste
 N - 2 potions of might
 O - a potion of experience {unknown}
 Y - a potion of cancellation {unknown}


   Skills:
 * Level 15.6 Fighting
 - Level 4.4(10.2) Axes
 + Level 14.1(14.4) Maces & Flails
 * Level 15.4 Armour
 - Level 5.3 Dodging
 - Level 11.0 Shields


You had 12 spell levels left.
You didn't know any spells.
Your spell library contained the following spells:

 Spells                   Type           Power      Damage    Failure   Level
 Kiss of Death            Conj/Necr      0%         2d5       45%         1
 Magic Dart               Conj           0%         1d3       45%         1
 Blink                    Tloc           0%         N/A       58%         2
 Call Imp                 Summ           0%         N/A       58%         2
 Confusing Touch          Hex            0%         N/A       83%         3
 Dispel Undead            Necr           0%         3d6       99%         4


Dungeon Overview and Level Annotations

Branches:
Dungeon (14/15)            Temple (1/1) D:5            Lair (3/5) D:8
 Shoals (0/4) Lair:2        Snake (1/4) Lair:3          Orc (2/2) D:12
    Elf (0/3) Orc:2         Sewer (visited)          Bailey (visited)
 Vaults: D:13-14

Altars:
Ashenzari
Cheibriados
Dithmenos
Elyvilon
Fedhas
Gozag
Hepliaklqana
Kikubaaqudgha
Makhleb
Nemelex Xobeh
Okawaru
Qazlal
Ru
Sif Muna
Trog
Uskayaw
Vehumet
Wu Jian
Xom
Yredelemnul
Zin
The Shining One

Shops:
Orc:1 :   Orc:2 ?:*[

Annotations:
D:7 3 runed translucent doors, FarmingIce's ghost, novice VSBe; KineticRobot's ghost, novice SpHs; Lurud's ghost, novice DsCj; Nogual's ghost, novice BaHu; diceflayer's ghost, novice DsGl


Innate Abilities, Weirdness & Mutations

You are a tree.
Your roots penetrate the ground, keeping you stationary.
You cannot be teleported.
You are immune to unholy pain and torment.
Your maximum health is greatly increased.
Your equipment is partially melded.
((You have a pair of large horns on your head.))
((You reflexively headbutt those who attack you in melee.))
Your mind is acute. (Int +4, Str/Dex -1)
((Your flesh is cold resistant. (rC+)))
Your magical capacity is low. (-10% MP)


Message History

Your deep troll bites the naga ritualist!
Your deep troll claws the naga ritualist.
Your deep troll claws the naga ritualist but does no damage.
The anaconda bites you but does no damage.
The anaconda constricts you.
The black mamba bites you but does no damage. x2
The naga hits you but does no damage. x2
Your deep troll barely misses the naga ritualist.
Your deep troll claws the naga ritualist!
Your deep troll barely misses the naga ritualist.
Unknown command.
Unknown command.
You feel much better.
You feel sick.
* * * LOW HITPOINT WARNING * * *
You are more poisoned.
The black mamba bites you but does no damage.
The anaconda bites you but does no damage.
The anaconda constricts you. The black mamba bites you!
* * * LOW HITPOINT WARNING * * *
The naga hits you but does no damage.
Your deep troll bites the naga ritualist!!
Your deep troll misses the naga ritualist.
Your deep troll barely misses the naga ritualist.
The black mamba bites you but does no damage.
The anaconda completely misses you. The anaconda constricts you.
The naga hits you with a +0 mace!
* * * LOW HITPOINT WARNING * * *
Unknown command.
Unknown command.
You miss the anaconda.
The anaconda is lightly wounded.
You feel sick. The anaconda completely misses you. The anaconda constricts you.
The black mamba bites you but does no damage.
A naga mage comes into view. It is wielding a +0 club.
The naga ritualist spits poison at you. The splash of poison hits you.
You are more poisoned.
* * * LOW HITPOINT WARNING * * *
The naga hits you with a +0 hand axe!!
You die...

..## #...#
#....# ##
###......
N..####........
.....TN..N.....
##...SSN...##
.....SS♣N...#
.....#N..#...#
#.. ##.... ..#
# ....... .
....#### ..#..#
.. ### ##.


You could see a naga warrior, an anaconda, 2 naga ritualists, 3 black mambas, a
naga mage (distracted), 2 nagas and a friendly deep troll (summoned, berserk,
very poisoned).

Vanquished Creatures
  Gastronok (Lair:1)
  An ogre mage (Orc:2)
  7 two-headed ogres
  5 orc high priests (Orc:2)
  3 skeletal warriors (D:12)
  A deep elf pyromancer (D:12)
  An ugly thing (D:12)
  2 orc sorcerers
  8 orc knights
  6 black mambas (Lair:3)
  A cyclops (D:11)
  A naga mage (Lair:3)
  4 cane toads
  3 komodo dragons
  3 trolls
  2 snapping turtles
  Sigmund (D:3)
  2 shadows
  2 spriggans (Lair:2)
  2 wraiths
  A water elemental (Lair:2)
  2 basilisks (D:8)
  4 wyverns
  Eustachio (D:4)
  2 vampires
  4 wargs
  32 yaks
  2 steam dragons (D:7)
  Menkaure (D:4)
  A naga (Lair:3)
  9 water moccasins
  38 orc warriors
  2 black bears
  3 wolves (Lair:2)
  3 ogres
  3 centaurs
  2 phantoms (D:12)
  11 bullfrogs
  2 gnoll sergeants
  2 scorpions
  13 wights
  3 troll zombies (D:12)
  4 killer bees
  3 jellies
  2 howler monkeys (D:10)
  A bombardier beetle (D:5)
  2 hounds
  34 orc priests
  Crazy Yiuf (D:3)
  Jessica (D:2)
  Ijyb (D:4)
  A sleepcap (D:4)
  5 iguanas
  18 orc wizards
  A hell rat (Sewer)
  3 ogre zombies (D:12)
  10 gnolls
  9 adders
  2 river rats (Sewer)
  A shadow imp (D:6)
  2 white imps
  5 dart slugs
  93 orcs
  8 endoplasms
  A giant cockroach (D:4)
  2 gnoll zombies (D:12)
  15 goblins
  10 hobgoblins
  2 jackals (D:5)
  9 kobolds
  6 quokkas
  6 ball pythons
  7 bats
  5 frilled lizards
  5 gnoll skeletons (D:12)
  An orc skeleton (D:12)
  11 orc zombies (D:12)
  14 rats
498 creatures vanquished.

Vanquished Creatures (collateral kills)
  A boulder beetle (D:11)
1 creature vanquished.

Grand Total: 499 creatures vanquished

Notes
Turn   | Place    | Note
-------+----------+-------------------------------------------
     0 | D:1      | Satsuki666 the Minotaur Fighter began the quest for the
                  | Orb.
     0 | D:1      | Reached XP level 1. HP: 19/19 MP: 0/0
   263 | D:1      | Reached XP level 2. HP: 27/27 MP: 1/1
   841 | D:2      | Reached XP level 3. HP: 32/33 MP: 2/2
  1035 | D:2      | Found a faded altar of an unknown god.
  1304 | D:3      | Noticed Sigmund
  1410 | D:3      | Noticed Jessica
  1427 | D:2      | Killed Jessica
  1428 | D:2      | Reached XP level 4. HP: 13/41 MP: 3/3
  1660 | D:2      | Gained mutation: Your magical capacity is low. (-10% MP)
                  | [potion of mutation]
  1660 | D:2      | Gained mutation: Your flesh is cold resistant. (rC+)
                  | [potion of mutation]
  1660 | D:2      | Gained mutation: Your mind is acute. (Int +4, Str/Dex -1)
                  | [potion of mutation]
  1660 | D:2      | Gained mutation: You have a pair of large horns on your
                  | head. [potion of mutation]
  1793 | D:3      | HP: 2/41 [something (10)]
  1816 | D:3      | Killed Sigmund
  1817 | D:3      | Reached skill level 5 in Fighting
  1817 | D:3      | Reached skill level 5 in Armour
  1817 | D:3      | Reached skill level 1 in Dodging
  1817 | D:3      | Reached XP level 5. HP: 10/48 MP: 3/3
  1817 | D:3      | Reached XP level 6. HP: 12/56 MP: 4/4
  2056 | D:3      | Found a shimmering blue altar of Sif Muna.
  2495 | D:3      | Identified the +8 hammer "Faqepli" {speed, Str+2}
  2501 | D:3      | Found a runed translucent door.
  2503 | D:3      | Noticed Crazy Yiuf
  2510 | D:3      | Killed Crazy Yiuf
  2672 | D:4      | Found a shadowy altar of Dithmenos.
  2744 | D:4      | Noticed Menkaure
  2747 | D:4      | Killed Menkaure
  2748 | D:4      | Reached skill level 1 in Maces & Flails
  2822 | D:4      | Noticed Ijyb
  2848 | D:4      | Killed Ijyb
  3030 | D:4      | Noticed Eustachio
  3040 | D:4      | Killed Eustachio
  3041 | D:4      | Reached XP level 7. HP: 56/63 MP: 5/5
  3189 | D:4      | Reached skill level 5 in Shields
  3784 | D:5      | Entered Level 5 of the Dungeon
  3945 | D:5      | Found a stormy altar of Qazlal.
  3981 | D:5      | Found a staircase to the Ecumenical Temple.
  4024 | Temple   | Entered the Ecumenical Temple
  4079 | Temple   | Became a worshipper of Trog the Wrathful
  4197 | D:5      | Reached XP level 8. HP: 71/71 MP: 6/6
  4254 | D:5      | Found a blossoming altar of Fedhas.
  4879 | D:6      | Found a broken altar of Ashenzari.
  4957 | D:6      | Found a faded altar of an unknown god.
  4957 | D:6      | Found a faded altar of an unknown god.
  4959 | D:6      | Found a hazy altar of Hepliaklqana.
  5029 | D:6      | Found a glowing drain.
  5033 | Sewer    | Entered a sewer
  5068 | Sewer    | Reached * piety under Trog
  5384 | D:7      | Identified the +5 chain mail of Somewhere Else {Harm Will-
                  | Str+4}
  5420 | D:7      | Found a runed translucent gate.
  5420 | D:7      | Found a runed translucent gate.
  5421 | D:7      | Found a runed translucent gate.
  5422 | D:7      | Noticed KineticRobot's ghost (novice SpHs)
  5422 | D:7      | Noticed FarmingIce's ghost (novice VSBe)
  5423 | D:7      | Noticed Lurud's ghost (novice DsCj)
  5423 | D:7      | Noticed diceflayer's ghost (novice DsGl)
  5424 | D:7      | Noticed Nogual's ghost (novice BaHu)
  5438 | D:7      | Found a basalt altar of Yredelemnul.
  5465 | D:7      | Reached skill level 5 in Maces & Flails
  5936 | D:8      | Reached XP level 9. HP: 79/81 MP: 7/7
  6098 | D:8      | Found a staircase to the Lair.
  6183 | D:8      | Reached ** piety under Trog
  6190 | D:8      | Reached skill level 5 in Dodging
  6202 | D:8      | Found a flagged portal.
  6216 | Bailey   | Entered a bailey
  6359 | Bailey   | Noticed an orc knight
  6359 | Bailey   | Noticed an orc knight
  6381 | Bailey   | Reached XP level 10. HP: 88/91 MP: 8/8
  6404 | Bailey   | Killed an orc knight
  6507 | Bailey   | Killed an orc knight
  6507 | Bailey   | Reached *** piety under Trog
  6675 | Bailey   | Reached skill level 10 in Fighting
  6675 | Bailey   | Reached skill level 10 in Armour
  7062 | D:8      | Found a glowing silver altar of Zin.
  7062 | D:8      | Found a burning altar of Makhleb.
  7063 | D:8      | Noticed an Executioner
  7063 | D:8      | Noticed an angel
  7633 | Lair:1   | Entered Level 1 of the Lair of Beasts
  7741 | Lair:1   | Noticed a cane toad
  7748 | Lair:1   | Killed a cane toad
  7903 | Lair:1   | Noticed a cane toad
  7912 | Lair:1   | Killed a cane toad
  8128 | Lair:1   | Noticed Gastronok
  8156 | Lair:1   | Killed Gastronok
  8157 | Lair:1   | Reached XP level 11. HP: 69/102 MP: 8/8
  8720 | Lair:1   | Reached **** piety under Trog
  8727 | Lair:1   | Reached skill level 10 in Maces & Flails
  9513 | Lair:2   | Found a staircase to the Shoals.
 10114 | Lair:3   | Found a staircase to the Snake Pit.
 10169 | Lair:3   | Noticed an eight-headed hydra
 10361 | D:9      | Noticed a two-headed ogre
 10813 | D:9      | Killed a two-headed ogre
 11231 | D:9      | Reached ***** piety under Trog
 11483 | D:10     | Entered Level 10 of the Dungeon
 11765 | D:10     | Reached XP level 12. HP: 103/113 MP: 9/9
 12164 | D:10     | Found a sparkling altar of Nemelex Xobeh.
 12395 | D:11     | You fall into a shaft and drop 3 floors!
 12475 | D:11     | Noticed a boulder beetle
 12514 | D:12     | Identified the +3 leather armour of Bewocrilu {rElec Int+4}
 12621 | D:11     | Noticed a two-headed ogre
 12625 | D:11     | Noticed a two-headed ogre
 12631 | D:11     | Killed a two-headed ogre
 12634 | D:11     | Killed a two-headed ogre
 13323 | D:11     | Killed a boulder beetle
 13680 | D:12     | Found a staircase to the Orcish Mines.
 13702 | D:12     | Reached skill level 10 in Shields
 14195 | D:12     | Found a blossoming altar of Fedhas.
 14489 | Orc:1    | Entered Level 1 of the Orcish Mines
 14810 | Orc:2    | Entered Level 2 of the Orcish Mines
 14835 | Orc:2    | Found a staircase to the Elven Halls.
 14846 | Orc:1    | Identified the +12 dire flail of Superiority {flame, Fly
                  | rF++ Int-3} (Trog gifted it to you on level 1 of the Orcish
                  | Mines)
 14846 | Orc:1    | Received a gift from Trog
 15266 | Orc:2    | Noticed a two-headed ogre
 15289 | Orc:2    | Killed a two-headed ogre
 15290 | Orc:2    | Reached XP level 13. HP: 109/124 MP: 10/10
 15348 | Orc:2    | Paralysed by an ogre mage for 3 turns
 15644 | Orc:2    | Noticed Nessos
 15957 | Orc:1    | Found Hirchonu's Vocational Training.
 16452 | Orc:2    | Paralysed by an orc sorcerer for 5 turns
 16461 | Orc:1    | Paralysed by an orc sorcerer for 5 turns
 16573 | Orc:2    | Nessos changed into Nessos the snapping turtle
 16573 | Orc:2    | Noticed Nessos
 16582 | Orc:2    | Killed Nessos the snapping turtle
 16582 | Orc:2    | Received a gift from Trog
 17160 | Orc:2    | Reached skill level 15 in Fighting
 17336 | Orc:2    | Reached skill level 15 in Armour
 17515 | Orc:2    | Found Qabeishri's General Store.
 17515 | Orc:2    | Found Bun Bili's Armour Boutique.
 17516 | Orc:2    | Found Epsuylal's Magic Scroll Boutique.
 17516 | Orc:2    | Found Xymekeykamu's Book Shop.
 17749 | Orc:2    | Bought a +2 plate armour of poison resistance for 555 gold
                  | pieces
 17969 | Snake:1  | Entered Level 1 of the Snake Pit
 18396 | Snake:1  | HP: 9/190 [naga ritualist/splash of poison (5)]
 18396 | Snake:1  | Mangled by a naga

Illustrated notes

Levels and vault maps discovered:
D:1:      tarquinn_simple_flora_water_b, layout_loops_ring
D:2:      layout_basic, basic_ecumenical_altar, hex_tiny
D:3:      layout_rooms, mainiacjoe_overflow_boulevard, st_stairs_1,
          uniq_crazy_yiuf_cottage, uniq_sigmund, uniq_jessica
D:4:      minmay_chambers_of_fours, layout_basic, mainiacjoe_overflow_paths,
          chequers_jeans, uniq_menkaure, uniq_eustachio, uniq_ijyb
D:5:      layout_basic, marbit_many_paths, mainiacjoe_overflow_cross_hatched,
          temple_green
D:6:      layout_cave_pools, mainiacjoe_overflow_alcove_2,
          nicolae_hepliaklqana_ecumenical_no_more,
          mainiacjoe_sewer_entry_somewhere_in_here_2,
          chequers_serial_rivers_micro_e
D:7:      layout_basic, kennysheep_mini, gammafunk_ghost_cemetery
D:8:      layout_basic, grunt_temple_overflow_order_and_chaos_2,
          minmay_lair_entry_grove, enter_bailey_3,
          minmay_fractal_squares_gapless_5
D:9:      layout_long_grid
D:10:     layout_gridville, mainiacjoe_overflow_small_starburst
D:11:     layout_basic
D:12:     layout_loops_cross, zombieorc1_lemuel, hex_large,
          nicolae_eternal_life, fedhas_altar_4
D:13:     layout_cave_pods, hangedman_vaults_entry_quadrant_bands, enter_trove_0
D:14:     layout_irregular_city, nicolae_gozag_seed_capital, uniq_roxanne
Temple:   nicolae_temple_slightly_damp_pantheon
Lair:1:   layout_regular_city, lemuel_fruit_fields, serial_bayou_shore_b,
          uniq_gastronok
Lair:2:   wad_woods_tower, layout_regular_city, minmay_shoals_entry_hut,
          beast_lair_carwin_7
Lair:3:   layout_cave_pods, guppyfry_snake_entry_island, serial_bayou_shore_a,
          grunt_megastairs_5, uniq_amaemon
Snake:1:  layout_cave_shapes, serial_shops, nicolae_shop_tiny_real_fake_doors,
          nicolae_shop_hallway_stairs, shop, shop, nicolae_integral_box
Orc:1:    nicolae_orc_accident_2, layout_caves, statue_in_the_mist_lemuel,
          nicolae_shop_vocational
Orc:2:    st_orc_pillars, layout_caves, uniq_nessos

Skill      XL: |  1  2  3  4  5  6  7  8  9 10 11 12 13 |
---------------+----------------------------------------+-----
Fighting       | 4 5 6 8 9 11 12 14 15 | 15.6
Armour         | 4 5 6 8 9 11 12 14 15 | 15.4
Axes           | 3 4 |  4.4
Shields        | 4 5 6 7 8 9 10 11 | 11.0
Dodging        | 1 2 4 5 |  5.3
Maces & Flails | 2 3 5 7 9 11 13 14 | 14.1

Action                     |  1- 3 |  4- 6 |  7- 9 | 10-12 | 13-15 || total
---------------------------+-------+-------+-------+-------+-------++-------
  Melee: War axe           |    75 |    56 |       |       |       ||   131
         Headbutt          |     9 |    12 |    32 |   130 |    22 ||   205
         Mace              |       |    28 |   198 |   598 |       ||   824
         Unarmed           |       |    10 |       |       |       ||    10
         Dire flail        |       |       |       |    11 |   171 ||   182
 Invoke: Trog's Hand       |       |       |       |     1 |     1 ||     2
         Brothers in Arms  |       |       |       |     1 |     1 ||     2
         Berserk           |       |       |       |     1 |       ||     1
  Evoke: Wand              |       |       |       |    15 |     7 ||    22
    Use: Scroll            |       |     5 |     4 |     7 |     6 ||    22
         Potion            |       |     4 |       |     3 |     7 ||    14
 Armour: Scale mail        |    34 |       |       |       |       ||    34
         Chain mail        |     5 |    46 |    78 |   210 |    94 ||   433
         Skin              |       |    13 |       |     5 |    41 ||    59
         Plate armour      |       |       |       |       |    69 ||    69
  Dodge: Dodged            |    41 |    40 |    79 |   162 |   110 ||   432
  Block: Buckler           |    12 |    17 |    36 |    76 |       ||   141
   Form: Beast             |       |     2 |       |       |       ||     2
                           |       |     1 |       |     1 |       ||     2
